 Dungeon Crawl Stone Soup version 0.24-a0-475-g5b41c6f198 (webtiles) character file.

Game seed: 4185802542227470164

161 erloom the Chopper (level 5, -1/46 HPs)
             Began as a Deep Dwarf Fighter on July 5, 2019.
             Slain by a gnoll
             ... wielding a +0 halberd
              (6 damage)
             ... on level 2 of the Dungeon.
             The game lasted 00:05:55 (1411 turns).

erloom the Chopper (Deep Dwarf Fighter)             Turns: 1411, Time: 00:05:56

Health: -1/46      AC:  9    Str: 20    XL:     5   Next: 18%
Magic:  5/5        EV:  5    Int:  9    God:
Gold:   84         SH:  9    Dex: 12    Spells: 4/4 levels left

rFire    . . .     SeeInvis .   a - +0 war axe
rCold    . . .     Gourm    .   c - +0 shield
rNeg     . . .     Faith    .   g - +0 chain mail
rPois    .         Spirit   .   (no helmet)
rElec    .         Reflect  .   (no cloak)
rCorr    .         Harm     .   (no gloves)
MR       .....                  (no boots)
Stlth    ..........             l - amulet of the acrobat
HPRegen  0.00/turn              (no ring)
MPRegen  0.09/turn              (no ring)

@: non-regenerating
A: damage resistance, heal wounds, sense surroundings 1, no regeneration
a: Heal Wounds


You were on level 2 of the Dungeon.
You were not hungry.

You visited 1 branch of the dungeon, and saw 2 of its levels.

You collected 84 gold pieces.

Inventory:

Hand Weapons
 a - a +0 war axe (weapon)
Missiles
 i - 5 boomerangs (quivered)
Armour
 b - a +0 scale mail
 c - a +0 shield (worn)
 g - a +0 chain mail (worn)
Jewellery
 l - an amulet of the acrobat (around neck)
Scrolls
 j - 4 scrolls of identify {unknown}
 k - a scroll of enchant armour {unknown}
 m - a scroll of fear {unknown}
 n - a scroll of amnesia {unknown}
Potions
 d - 2 potions of might
 e - a potion of agility
 h - 2 potions of heal wounds {unknown}
 o - a potion of lignification {unknown}
 q - a potion of flight {unknown}
Comestibles
 f - 6 rations
 p - 4 chunks of flesh


   Skills:
 - Level 2.6 Fighting
 + Level 6.0 Axes
 - Level 3.2 Armour
 - Level 3.2 Shields


You had 4 spell levels left.
You didn't know any spells.
Your spell library was empty.

Dungeon Overview and Level Annotations

Branches:
Dungeon (2/15)

Altars:


Innate Abilities, Weirdness & Mutations

You are resistant to damage.
You can heal yourself by infusing magical energy.
You passively map a small area around you.
You do not regenerate.


Message History

The adder bites you but does no damage. You block the adder's attack.
Your shield and chain mail prevent you from hitting the adder.
You block the adder's attack. The adder bites you.
You closely miss the adder. You block the adder's attack.
You slash the adder!
You kill the adder!
Your Axes skill increases to level 6!
You open the door.
There is an open door here.
There is an open door here.
The gnoll is too close now for your liking.
There is an open door here.
The gnoll hits you but does no damage.
You barely miss the gnoll. You block the gnoll's attack.
You barely miss the gnoll. The gnoll hits you with a +0 halberd!
* * * LOW HITPOINT WARNING * * *
You hit the gnoll.
The gnoll is lightly wounded.
The gnoll hits you with a +0 halberd!
You die...

, #..........##.......'..# # ,
#..........##.......#########
,########'###.................
#.# #.#############... , * #g#
#.# #... #.# #.# ##.# , #.#
#.# #.# #.# #.# #.# #.###@#
#.# #...g.# #.# ####### #.#
#.# #.# *


You could see a gnoll.

Vanquished Creatures
  A bullfrog (D:2)
  A worker ant (D:2)
  2 adders (D:2)
  An ooze (D:2)
  A leopard gecko (D:2)
  7 bats
  A giant cockroach (D:2)
  5 goblins
  8 hobgoblins
  4 jackals (D:1)
  2 quokkas (D:2)
  3 frilled lizards
  8 kobolds
  7 rats
51 creatures vanquished.

Notes
Turn   | Place    | Note
-------+----------+-------------------------------------------
     0 | D:1      | erloom the Deep Dwarf Fighter began the quest for the Orb.
     0 | D:1      | Reached XP level 1. HP: 20/20 MP: 1/1
    87 | D:1      | Reached skill level 3 in Axes
    87 | D:1      | Reached XP level 2. HP: 24/27 MP: 2/2
   496 | D:1      | Reached XP level 3. HP: 23/33 MP: 3/3
   663 | D:2      | Reached skill level 4 in Axes
   756 | D:2      | Noticed a bullfrog
   788 | D:2      | Killed a bullfrog
   788 | D:2      | Reached skill level 5 in Axes
   788 | D:2      | Reached XP level 4. HP: 15/40 MP: 4/4
   857 | D:2      | Noticed a gnoll sergeant
  1020 | D:2      | Reached XP level 5. HP: 12/46 MP: 5/5
  1352 | D:2      | Reached skill level 6 in Axes
  1411 | D:2      | Slain by a gnoll

Levels and vault maps discovered:
D:1:      dpeg_arrival_ternary, layout_basic, minmay_tree_intersection
D:2:      layout_basic, minmay_tetromino_t4

Skill      XL: |  1  2  3  4  5 |
---------------+----------------+-----
Axes           | 3 5 6 |  6.0
Fighting       | |  2.6
Armour         | |  3.2
Shields        | |  3.2

Action                   |  1- 3 |  4- 6 || total
-------------------------+-------+-------++-------
Melee: War axe           |   122 |    51 ||   173
Throw: Boomerang         |     2 |     5 ||     7
  Eat: Chunk             |       |     2 ||     2
Armor: Scale mail        |    26 |       ||    26
       Chain mail        |    51 |    25 ||    76
Dodge: Dodged            |    29 |     7 ||    36
Block: Shield            |    63 |    26 ||    89

Table legend:
 A = Non-vault XP
 B = Vault XP
 C = Vault XP percentage of total XP
 D = Non-vault monster count
 E = Vault monster count
 F = Vault count percentage of total count
                 A         B        C        D         E       F
            +---------+---------+-------+---------+---------+-------
      Total |     139 |      91 |  39.6 |      49 |       2 |   3.9
            +---------+---------+-------+---------+---------+-------
        D:1 |      44 |       0 |   0.0 |      28 |       0 |   0.0
        D:2 |      95 |      91 |  48.9 |      21 |       2 |   8.7
            +---------+---------+-------+---------+---------+-------
